 Dungeon Crawl Stone Soup version 0.31-a0-702-gf82c85558f (webtiles) character file.

Game seed: 1456392640265278826

1556 qw the Skirmisher (level 8, -5/51 HPs)
             Began as a Gargoyle Hunter on Sept 8, 2023.
             Was an Initiate of Okawaru.
             Killed by divine providence
             ... invoked by Jeremiah
              (16 damage)
             ... on level 8 of the Dungeon.
             The game lasted 00:02:05 (4730 turns).

qw the Skirmisher (Gargoyle Hunter)                 Turns: 4730, Time: 00:02:05

Health: -5/51      AC: 14    Str: 14    XL:     8   Next: 88%
Magic:  9/9        EV: 11    Int: 11    God:    Okawaru [......]
Gold:   270        SH:  0    Dex: 15    Spells: 7/7 levels left

rFire   . . .        Y - +0 orcbow
rCold   . . .        (shield currently unavailable)
rNeg    + . .        j - +0 ring mail
rPois   inf          a - +0 helmet
rElec   +            h - +0 cloak
rCorr   .            e - +0 pair of gloves
SInv    .            (no boots)
Will    .....        (no amulet)
Stlth   +            g - +4 ring of slaying {mikee}
HPRegen 0.28/turn    (no ring)
MPRegen 0.11/turn

%: no passive effects
@: about to teleport
A: sickness immunity, AC +5, negative energy resistance 1, electricity
resistance, torment resistance 1, petrification resistance
a: Renounce Religion


You were on level 8 of the Dungeon.
You worshipped Okawaru.
Okawaru was noncommittal.
You visited 2 branches of the dungeon, and saw 8 of its levels.
You also visited: Sewer.

You collected 270 gold pieces.


Innate Abilities, Weirdness & Mutations

You are immune to sickness and miasma.
Your stone body is resilient. (AC +5)
You are immune to poison.
You resist negative energy. (rN+)
You are resistant to electric shocks. (rElec)
You are resistant to unholy torment.
You are immune to petrification.


   Skills:
 - Level 6.1 Fighting
 + Level 9.3 Ranged Weapons
 - Level 3.0 Armour
 - Level 2.7 Dodging
 - Level 1.1 Stealth
 - Level 1.6 Invocations


You had 7 spell levels left.
You didn't know any spells.
Your spell library was empty.

Inventory:

Hand Weapons
 Y - a +0 orcbow (weapon)
Armour
 a - a +0 helmet (worn)
 e - a +0 pair of gloves (worn)
 h - a +0 cloak (worn)
 j - a +0 ring mail (worn)
Jewellery
 g - a +4 ring of slaying (left hand) {mikee}
Scrolls
 d - a scroll of identify
 f - 5 scrolls of teleportation
Potions
 b - a potion of cancellation {unknown}
 c - 3 potions of mutation
 k - 8 potions of enlightenment
 l - a potion of curing
 m - a potion of haste
 n - a potion of might
 q - a potion of attraction {unknown}

Dungeon Overview and Level Annotations

Branches:
Dungeon (6/15)             Temple (1/1) D:4           Sewer (visited)

Altars:
Ashenzari
Cheibriados
Dithmenos
Fedhas
Gozag
Hepliaklqana
Kikubaaqudgha
Makhleb
Nemelex Xobeh
Okawaru
Qazlal
Ru
Sif Muna
Trog
Vehumet
Xom
Zin
The Shining One

Annotations:
D:8 Jeremiah


Message History

Jeremiah throws their arms up pleadingly.
Something smites you!
Jeremiah shouts, "O dreadful one, destroy my foe!"
Something smites you!
4705 ||| READING 8 scrolls of teleportation.
As you read the scroll of teleportation, it crumbles to dust.
You feel strangely unstable.
The butterfly disappears in a burst of colours!
The butterfly disappears in a burst of colours!
Your surroundings suddenly seem different.
An orc priest and 3 orcs come into view.
The orc shouts! x2; You hear a shout!
An orc comes into view. It is wielding a +0 dagger.
The orc shouts!
The orc priest shouts!
4709 ||| READING 7 scrolls of teleportation.
As you read the scroll of teleportation, it crumbles to dust.
You feel strangely unstable. The orc closely misses you.
You shoot an arrow. The arrow hits the orc!
You kill the orc!
Okawaru accepts your kill.
An orc priest comes into view. It is wielding a +0 dagger.
You shoot an arrow. The arrow hits the orc priest.
The orc priest is lightly wounded.
You shoot an arrow. The arrow hits the orc!
You kill the orc!
Okawaru accepts your kill.
You shoot an arrow. The arrow barely misses the orc priest.
Your surroundings suddenly seem different.
Found a robe and 17 gold pieces.
You start resting.
Jeremiah is nearby!
4730 ||| READING 6 scrolls of teleportation.
As you read the scroll of teleportation, it crumbles to dust.
You feel strangely unstable.
Jeremiah shouts!
You hear a shout!
Jeremiah lets out a twisted cry.
Something smites you!
You die...
Jeremiah says, "O terrible one, your will is done."
F# ##.### Yb..b

#b.. #.####..#
#b.b....#
##########.# #
#.......##b####b.#
#....@.[##Fb.....#
#.......#######b##
#......$#
#.......## ##
#.......#b b
#.......#b#b
##.#.##b#bbF #...
#F##b# ####.##b#


You could see Jeremiah.

Vanquished Creatures
  Sigmund (D:4)
  Menkaure (D:5)
  An orc warrior (D:6)
  An ogre (D:5)
  A centaur (D:5)
  2 phantoms
  2 scorpions
  A gnoll sergeant (D:5)
  2 hounds (D:5)
  A jelly (D:5)
  3 orc priests
  Natasha (D:4)
  3 iguanas
  2 orc wizards
  Ijyb (D:5)
  5 gnolls (D:5)
  5 river rats (Sewer)
  10 adders
  A shadow imp (D:5)
  A white imp (D:5)
  4 worms (Sewer)
  A dart slug (D:3)
  17 orcs
  8 bats
  15 endoplasms
  10 giant cockroaches
  5 goblins
  4 hobgoblins
  5 jackals (Sewer)
  8 kobolds
  5 quokkas
  10 ball pythons
  3 frilled lizards
  4 rats
144 creatures vanquished.

Notes
Turn   | Place    | Note
-------+----------+-------------------------------------------
     0 | D:1      | qw the Gargoyle Hunter began the quest for the Orb.
     0 | D:1      | Reached XP level 1. HP: 12/12 MP: 1/1
     0 | D:1      | 0 ||| qw: Version: 0.3-a-76-g4403597
     0 | D:1      | 0 ||| qw: Game counter: 1118
     0 | D:1      | 0 ||| qw: Melee chars always use a shield: true
     0 | D:1      | 0 ||| qw: God list: Okawaru
     0 | D:1      | 0 ||| qw: Allow faded altars: false
     0 | D:1      | 0 ||| qw: Do Orc after clearing Dungeon:15 true
     0 | D:1      | 0 ||| qw: Do second Lair branch before Depths: true
     0 | D:1      | 0 ||| qw: Lair rune preference: random
     0 | D:1      | 0 ||| qw: Goals: Normal
     0 | D:1      | 0 ||| PLANNING D:1-11
   115 | D:1      | Reached XP level 2. HP: 17/17 MP: 2/2
   489 | D:1      | Found a faded altar of an unknown god.
   760 | D:1      | 760 ||| Stepping ~*~*~tactically~*~*~ (outnumbered).
   761 | D:1      | 761 ||| Stepping ~*~*~tactically~*~*~ (outnumbered).
   764 | D:1      | Reached XP level 3. HP: 21/21 MP: 3/3
   768 | D:1      | Reached skill level 5 in Ranged Weapons
   784 | D:1      | 784 ||| UPGRADING to +0 cloak.
   789 | D:1      | 789 ||| UPGRADING to +4 ring of slaying {mikee}.
   790 | D:1      | 790 ||| READING scroll labelled BERICU QUORA.
   791 | D:1      | 791 ||| READING scroll labelled DYIFFOO DOORET.
   792 | D:1      | 792 ||| READING scroll labelled NAAREBBOESY.
   793 | D:1      | 793 ||| READING scroll labelled QICEUCL NIETEHOT.
   796 | D:1      | 796 ||| READING scroll labelled QEDASTRE NYCAMN.
   797 | D:1      | 797 ||| DROPPING scroll of butterflies.
  1002 | D:2      | Reached skill level 3 in Fighting
  1103 | D:2      | Reached XP level 4. HP: 28/28 MP: 4/4
  1165 | D:2      | 1165 ||| FLEEEEING.
  1166 | D:2      | 1166 ||| FLEEEEING.
  1212 | D:2      | 1212 ||| FLEEEEING.
  1213 | D:2      | 1213 ||| FLEEEEING.
  1216 | D:2      | 1216 ||| FLEEEEING.
  1217 | D:2      | 1217 ||| FLEEEEING.
  1218 | D:2      | 1218 ||| FLEEEEING.
  1219 | D:2      | 1219 ||| FLEEEEING.
  1242 | D:2      | HP: 7/28 [something (3)]
  1247 | D:2      | HP: 7/28 [something (1)]
  1508 | D:2      | Found a hazy altar of Hepliaklqana.
  1862 | D:2      | 1862 ||| UPGRADING to +0 helmet.
  1867 | D:2      | 1867 ||| UPGRADING to +0 pair of gloves.
  1872 | D:2      | 1872 ||| UPGRADING to +0 ring mail.
  1882 | D:2      | 1882 ||| DROPPING +0 leather armour.
  1883 | D:2      | 1883 ||| READING scroll labelled UTOPIA PYL VYA.
  1884 | D:2      | 1884 ||| READING 2 scrolls labelled KODUPS FEBARR.
  1885 | D:2      | 1885 ||| READING scroll of enchant weapon.
  1885 | D:2      | 1885 ||| ENCHANTING +1 shortbow.
  1886 | D:2      | 1886 ||| READING scroll labelled GOALYX WOIR.
  1887 | D:2      | 1887 ||| DRINKING 3 lumpy red potions.
  2008 | D:3      | Reached skill level 1 in Armour
  2112 | D:3      | Found a hazy altar of Hepliaklqana.
  2163 | D:3      | Reached XP level 5. HP: 32/32 MP: 5/5
  2443 | D:3      | 2443 ||| READING scroll labelled JIFROTYASM.
  2476 | D:4      | 2476 ||| PLANNING SEWER
  2584 | D:4      | Reached skill level 6 in Ranged Weapons
  2585 | D:4      | Found a glowing drain.
  2587 | D:4      | 2587 ||| DRINKING 2 bubbling black potions.
  2599 | D:4      | Reached XP level 6. HP: 37/37 MP: 6/6
  2600 | Sewer    | Entered a sewer
  2621 | Sewer    | 2621 ||| Stepping ~*~*~tactically~*~*~ (water).
  2626 | Sewer    | 2626 ||| Stepping ~*~*~tactically~*~*~ (water).
  2700 | Sewer    | 2700 ||| Stepping ~*~*~tactically~*~*~ (water).
  2707 | Sewer    | 2707 ||| Stepping ~*~*~tactically~*~*~ (water).
  2737 | Sewer    | 2737 ||| Stepping ~*~*~tactically~*~*~ (water).
  2928 | Sewer    | 2928 ||| Stepping ~*~*~tactically~*~*~ (water).
  3131 | Sewer    | 3131 ||| READING 4 scrolls of identify.
  3131 | Sewer    | 3131 ||| IDENTIFYING glowing orange potion
  3132 | Sewer    | 3132 ||| READING 3 scrolls of identify.
  3132 | Sewer    | 3132 ||| IDENTIFYING dark potion
  3133 | Sewer    | 3133 ||| READING 2 scrolls of identify.
  3133 | Sewer    | 3133 ||| IDENTIFYING silvery potion
  3134 | Sewer    | 3134 ||| DROPPING potion of brilliance.
  3157 | D:4      | 3157 ||| PLANNING D:1-11
  3182 | D:4      | Found a glowing golden altar of the Shining One.
  3282 | D:4      | Reached skill level 7 in Ranged Weapons
  3282 | D:4      | Reached XP level 7. HP: 43/43 MP: 7/7
  3286 | D:4      | Noticed Natasha
  3292 | D:4      | Killed Natasha
  3324 | D:4      | Noticed Sigmund
  3332 | D:4      | Killed Sigmund
  3361 | D:4      | Found a staircase to the Ecumenical Temple.
  3362 | D:4      | 3362 ||| PLANNING TEMPLE
  3362 | D:4      | 3362 ||| DRINKING 2 sedimented sapphire potions.
  3363 | D:4      | 3363 ||| READING 2 scrolls of identify.
  3363 | D:4      | 3363 ||| IDENTIFYING fizzy grey potion
  3373 | Temple   | Found a transporter.
  3373 | Temple   | Found a transporter.
  3373 | Temple   | Found a transporter.
  3373 | Temple   | Found a transporter.
  3373 | Temple   | Entered the Ecumenical Temple
  3374 | Temple   | 3374 ||| PLANNING D:1-11
  3384 | Temple   | 3384 ||| PLANNING OKAWARU WORSHIP
  3391 | Temple   | Became a worshipper of Warmaster Okawaru
  3392 | Temple   | 3392 ||| PLANNING D:1-11
  3433 | D:4      | Reached skill level 8 in Ranged Weapons
  3529 | D:4      | 3529 ||| READING scroll labelled YSOSAM PETTINT.
  3557 | D:5      | Entered Level 5 of the Dungeon
  3603 | D:5      | Noticed Menkaure
  3608 | D:5      | Killed Menkaure
  3609 | D:5      | Reached XP level 8. HP: 49/49 MP: 8/8
  3702 | D:5      | 3702 ||| Stepping ~*~*~tactically~*~*~ (retreating).
  3704 | D:5      | 3704 ||| Stepping ~*~*~tactically~*~*~ (retreating).
  3705 | D:5      | 3705 ||| Stepping ~*~*~tactically~*~*~ (retreating).
  3707 | D:5      | 3707 ||| Stepping ~*~*~tactically~*~*~ (retreating).
  3710 | D:5      | 3710 ||| Stepping ~*~*~tactically~*~*~ (retreating).
  3713 | D:5      | Reached * piety under Okawaru
  3720 | D:5      | 3720 ||| INVOKING Heroism.
  3786 | D:5      | 3786 ||| SWAPPING to +0 orcbow.
  3788 | D:5      | 3788 ||| DROPPING +2 shortbow of draining.
  3830 | D:5      | Found a broken altar of Ashenzari.
  3859 | D:5      | Noticed Ijyb
  3865 | D:5      | Killed Ijyb
  3866 | D:5      | Reached skill level 9 in Ranged Weapons
  4046 | D:5      | Reached skill level 3 in Armour
  4046 | D:5      | Reached skill level 1 in Invocations
  4192 | D:5      | 4192 ||| INVOKING Heroism.
  4309 | D:5      | 4309 ||| READING scroll labelled SAFRIJ LOCI.
  4310 | D:5      | 4310 ||| DRINKING 2 glowing puce potions.
  4339 | D:5      | 4339 ||| DROPPING potion of lignification.
  4361 | D:6      | 4361 ||| INVOKING Heroism.
  4366 | D:6      | 4366 ||| STAIRDANCE
  4436 | D:6      | 4436 ||| STAIRDANCE
  4461 | D:6      | 4461 ||| STAIRDANCE
  4465 | D:5      | Reached skill level 6 in Fighting
  4471 | D:6      | 4471 ||| STAIRDANCE
  4610 | D:6      | You fall into a shaft and drop 2 floors!
  4612 | D:8      | Noticed Jeremiah
  4620 | D:8      | 4620 ||| INVOKING Heroism.
  4624 | D:8      | 4624 ||| RETREATING.
  4631 | D:8      | 4631 ||| Stepping ~*~*~tactically~*~*~ (retreating).
  4654 | D:8      | HP: 9/51 [Jeremiah/divine providence (13)]
  4655 | D:8      | 4655 ||| READING 9 scrolls of teleportation.
  4656 | D:8      | 4656 ||| DRINKING potion of heal wounds.
  4704 | D:8      | HP: 4/51 [Jeremiah/divine providence (11)]
  4705 | D:8      | 4705 ||| READING 8 scrolls of teleportation.
  4709 | D:8      | 4709 ||| READING 7 scrolls of teleportation.
  4730 | D:8      | 4730 ||| READING 6 scrolls of teleportation.
  4730 | D:8      | Killed from afar by Jeremiah

Levels and vault maps discovered:
D:1:      erik_arrival_blinker_ship, layout_basic,
          hellmonk_ecumenical_altar_inner_sanctum, minmay_cupped
D:2:      layout_basic, basic_altar
D:3:      layout_loops_ring, mainiacjoe_overflow_boulevard,
          nicolae_twisty_statue_hallways
D:4:      layout_rooms, nicolae_tso_carved_into_rock,
          minmay_temple_entry_antechambers, portal_sewer_entry_f, uniq_natasha,
          uniq_sigmund
D:5:      layout_basic, mainiacjoe_overflow_surrounded_room, uniq_ijyb,
          uniq_menkaure
D:6:      layout_rooms, minmay_ruffians
D:8:      minmay_bloctagon, layout_loops_cross, introduction_to_nature_1,
          uniq_jeremiah, uniq_gastronok, uniq_maurice
Temple:   hellmonk_temple_divided_pantheon

Skill      XL: |  1  2  3  4  5  6  7  8 |
---------------+-------------------------+-----
Ranged Weapons | 5 6 7 8 9 |  9.3
Fighting       | 3 4 5 6 |  6.1
Armour         | 1 2 3 |  3.0
Dodging        | 2 |  2.7
Invocations    | 1 |  1.6
Stealth        | |  1.1

Action                     |  1- 3 |  4- 6 |  7- 9 || total
---------------------------+-------+-------+-------++-------
   Fire: Shortbow          |    96 |   152 |    76 ||   324
         Orcbow            |       |       |    78 ||    78
 Invoke: Heroism           |       |       |     4 ||     4
    Use: Scroll            |     5 |     8 |     7 ||    20
         Potion            |       |     2 |     3 ||     5
 Armour: Leather armour    |    21 |    36 |       ||    57
         Ring mail         |       |    32 |    52 ||    84
  Dodge: Dodged            |    18 |    44 |    51 ||   113

Table legend:
 A = Non-vault XP
 B = Vault XP
 C = Vault XP percentage of total XP
 D = Non-vault monster count
 E = Vault monster count
 F = Vault count percentage of total count
                 A         B        C        D         E       F
            +---------+---------+-------+---------+---------+-------
      Total |    1536 |     688 |  30.9 |      98 |      46 |  31.9
            +---------+---------+-------+---------+---------+-------
        D:1 |      33 |       6 |  15.4 |      18 |       3 |  14.3
        D:2 |      98 |       0 |   0.0 |      23 |       0 |   0.0
        D:3 |      35 |       0 |   0.0 |      12 |       0 |   0.0
        D:4 |     332 |     272 |  45.0 |      13 |       7 |  35.0
        D:5 |     849 |     210 |  19.8 |      24 |       2 |   7.7
        D:6 |     183 |       0 |   0.0 |       6 |       0 |   0.0
        D:8 |       6 |       0 |   0.0 |       2 |       0 |   0.0
      Sewer |       0 |     200 | 100.0 |       0 |      34 | 100.0
            +---------+---------+-------+---------+---------+-------
